 Dungeon Crawl Stone Soup version 0.28.0-45-g0d030f2227 (webtiles) character file.

Game seed: 7540976539724760189

6 powzer the Chopper (level 1, 0/20 HPs)
             Began as a Minotaur Berserker on Apr 17, 2022.
             Was a Follower of Trog.
             Slain by a goblin
             ... wielding a +0 club
              (2 damage)
             ... on level 2 of the Dungeon.
             The game lasted 00:02:21 (122 turns).

powzer the Chopper (Minotaur Berserker)              Turns: 122, Time: 00:02:21

Health: 0/20       AC:  2    Str: 21    XL:     1   Next: 75%
Magic:  0/0        EV: 12    Int:  4    God:    Trog [*.....]
Gold:   22         SH:  0    Dex:  9    Spells: 0/0 levels left

rFire   . . .      SeeInvis .   a - +1 hand axe
rCold   . . .      Faith    .   (no shield)
rNeg    . . .      Spirit   .   b - +0 animal skin
rPois   .          Reflect  .   (helmet restricted)
rElec   .          Harm     .   (no cloak)
rCorr   .          Rampage  .   (no gloves)
Will    .....                   (no boots)
Stlth   +.........              (no amulet)
HPRegen 0.06/turn               (no ring)
MPRegen 0.07/turn               (no ring)

@: no status effects
A: horns 2, retaliatory headbutt
a: Renounce Religion, Berserk


You were on level 2 of the Dungeon.
You worshipped Trog.
Trog was aware of your devotion.
You visited 1 branch of the dungeon, and saw 2 of its levels.

You collected 22 gold pieces.

Inventory:

Hand Weapons
 a - a +1 hand axe (weapon)
Armour
 b - a +0 animal skin (worn)


   Skills:
 + Level 3.8 Fighting
 + Level 3.9 Axes
 + Level 2.4 Armour
 + Level 2.2 Dodging


You couldn't memorise any spells.
You didn't know any spells.
Your spell library was empty.

Dungeon Overview and Level Annotations

Branches:
Dungeon (1/15)

Altars:


Innate Abilities, Weirdness & Mutations

You have a pair of horns on your head.
You reflexively headbutt those who attack you in melee.


Message History

A bat comes into view.
The bat hits you but does no damage.
A sourceless malevolence fills the Dungeon...
You fall into a shaft and drop 1 floor!
The shaft crumbles and collapses.
A goblin and a dart slug come into view.
The goblin shouts!
Found a stone staircase leading down.
The goblin unwields a +0 club.
The goblin wields a +0 hunting sling.
The goblin shoots a stone.
The stone hits you.
An endoplasm comes into view.
A goblin comes into view. It is wielding a +0 club.
A bat comes into view.
The dart slug launches a dart at you. The slug dart hits you.
* * * LOW HITPOINT WARNING * * *
The bat moves out of view.
The dart slug launches a dart at you. The slug dart misses you.
A ball python comes into view.
The goblin shoots a stone.
The stone hits you.
* * * LOW HITPOINT WARNING * * *
The goblin shoots a stone.
The stone closely misses you.
You hit the dart slug.
The dart slug is moderately wounded.
The dart slug bites you but does no damage.
You slash the dart slug!
You kill the dart slug!
Trog accepts your kill.
The goblin unwields a +0 hunting sling.
The goblin wields a +0 club.
The goblin closely misses you. You furiously retaliate!
You headbutt the goblin!
You kill the goblin!
Trog accepts your kill. The bat closely misses you.
A ball python comes into view.
The ball python hisses angrily.
The bat hits you but does no damage. The goblin hits you with a +0 club.
You die...

## #.# ..... ..
#.#.#.#.#.#
....S.....g
##.######.#.#.#.#.#
........b.........
#@#.#.#.#.#.#
#.g..........
#J#S#.#.#.#.#
#.......>....
###.#.#.#.#.#
#######


You could see an endoplasm, a goblin, a bat and a ball python.

Vanquished Creatures
  A dart slug (D:2)
  A goblin (D:2)
  A hobgoblin (D:1)
  A frilled lizard (D:1)
4 creatures vanquished.

Notes
Turn   | Place    | Note
-------+----------+-------------------------------------------
     0 | D:1      | powzer the Minotaur Berserker began the quest for the Orb.
     0 | D:1      | Reached XP level 1. HP: 19/19 MP: 0/0
   108 | D:1      | You fall into a shaft and drop 1 floor!
   122 | D:2      | Slain by a goblin

Illustrated notes

Levels and vault maps discovered:
D:1:      lightli_arrival_chessboard, layout_basic, serial_shops, shop
D:2:      layout_loops_ring, serial_shops, shop_coins, nicolae_lakefront_shop,
          nicolae_shop_bloodbath_and_beyond, basic_altar, st_stairs_11,
          uniq_sigmund

Action                   || total
-------------------------++-------
Melee: Hand axe          ||     8
  Use: Scroll            ||     1
Armor: Animal skin       ||     4
Dodge: Dodged            ||     5
